2999 views
Uploaded 2020-11-28 23:16:10
Game version 1.32.9
51:50 long 4on4 ladder game on (8)GolemsInTheMist_LV
Saved by AskeLange
2999 views
Uploaded 2020-11-28 23:16:10
Game version 1.32.9
51:50 long 4on4 ladder game on (8)GolemsInTheMist_LV


171 units @ 17.9k
/ 3k
272 buildings @ 17.7k
/ 7.9k
DudeWhy
(236)
(51:47) : 

| Orb of Fire | 2 | 650 |
| total: | 2 | 650g |
| Peasant | 25 | 1875 | / | 0 |
| Mortar Team | 17 | 3060 | / | 1190 |
| total: | 42 | 4935g | / | 1190w |
| Scout Tower | 80 | 2400 | / | 1600 |
| Arcane Tower | 1 | 70 | / | 50 |
| Guard Tower | 26 | 1820 | / | 1300 |
| Altar of Kings | 2 | 360 | / | 100 |
| Farm | 14 | 1120 | / | 280 |
| Lumber Mill | 3 | 360 | / | 0 |
| Town Hall | 2 | 770 | / | 410 |
| Blacksmith | 1 | 140 | / | 60 |
| Arcane Vault | 2 | 260 | / | 60 |
| Cannon Tower | 1 | 120 | / | 100 |
| Workshop | 1 | 140 | / | 140 |
| Keep | 1 | 320 | / | 210 |
| Castle | 1 | 360 | / | 210 |
| total: | 105 | 5550g | / | 2650w |
| 0:03 | Peasant |
| 0:07 | Altar of Kings |
| 0:09 | Peasant |
| 0:19 | Farm |
| 0:21 | Peasant |
| 0:34 | Peasant |
| 0:43 | Farm |
| 0:46 | Scout Tower |
| 0:48 | Peasant |
| 0:50 | Peasant |
| 1:14 | Peasant |
| 1:23 | Peasant |
| 1:29 | Peasant |
| 1:40 | Arcane Tower |
| 2:06 | Peasant |
| 2:16 | Lumber Mill |
| 2:21 | Peasant |
| 2:24 | Peasant |
| 2:34 | Storm Bolt |
| 2:37 | Peasant |
| 2:43 | Farm |
| 3:06 | Scout Tower |
| 3:08 | Scout Tower |
| 3:15 | Town Hall |
| 3:34 | Scout Tower |
| 3:35 | Scout Tower |
| 3:37 | Peasant |
| 3:37 | Peasant |
| 3:37 | Peasant |
| 3:41 | Improved Masonry |
| 3:43 | Guard Tower |
| 3:55 | Guard Tower |
| 4:28 | Guard Tower |
| 4:31 | Scout Tower |
| 4:32 | Scout Tower |
| 4:37 | Peasant |
| 4:54 | Peasant |
| 5:06 | Peasant |
| 5:10 | Scout Tower |
| 5:11 | Scout Tower |
| 5:12 | Scout Tower |
| 5:12 | Scout Tower |
| 5:17 | Keep |
| 5:32 | Guard Tower |
| 5:44 | Guard Tower |
| 5:48 | Guard Tower |
| 5:53 | Guard Tower |
| 6:11 | Guard Tower |
| 6:12 | Peasant |
| 6:12 | Peasant |
| 6:18 | Farm |
| 6:26 | Blacksmith |
| 7:00 | Peasant |
| 7:44 | Castle |
| 7:45 | Black Gunpowder |
| 7:52 | Scout Tower |
| 7:53 | Scout Tower |
| 7:54 | Scout Tower |
| 7:59 | Workshop |
| 8:19 | Scout Tower |
| 8:21 | Scout Tower |
| 8:22 | Scout Tower |
| 8:37 | Guard Tower |
| 8:40 | Scout Tower |
| 8:40 | Scout Tower |
| 8:45 | Holy Light |
| 9:03 | Improved Lumber Harvesting |
| 9:04 | Advanced Masonry |
| 9:11 | Mortar Team |
| 9:13 | Mortar Team |
| 9:44 | Guard Tower |
| 9:48 | Scout Tower |
| 10:42 | Fragmentation Shards |
| 10:42 | Flare |
| 10:43 | Mortar Team |
| 10:56 | Advanced Lumber Harvesting |
| 11:58 | Mortar Team |
| 12:05 | Scout Tower |
| 12:05 | Scout Tower |
| 12:07 | Scout Tower |
| 12:07 | Scout Tower |
| 12:08 | Scout Tower |
| 12:11 | Imbued Masonry |
| 12:35 | Farm |
| 12:35 | Farm |
| 12:39 | Scout Tower |
| 12:40 | Scout Tower |
| 12:40 | Scout Tower |
| 12:41 | Scout Tower |
| 12:42 | Scout Tower |
| 12:56 | Guard Tower |
| 13:01 | Guard Tower |
| 13:06 | Guard Tower |
| 13:23 | Guard Tower |
| 13:26 | Scout Tower |
| 13:27 | Scout Tower |
| 13:31 | Scout Tower |
| 13:32 | Scout Tower |
| 13:32 | Scout Tower |
| 14:16 | Guard Tower |
| 16:02 | Altar of Kings |
| 17:15 | Divine Shield |
| 17:44 | Scout Tower |
| 17:45 | Scout Tower |
| 17:46 | Scout Tower |
| 18:44 | Farm |
| 18:45 | Farm |
| 19:44 | Scout Tower |
| 19:44 | Scout Tower |
| 19:45 | Scout Tower |
| 19:52 | Farm |
| 19:59 | Storm Bolt |
| 20:01 | Storm Bolt |
| 20:03 | Storm Bolt |
| 20:11 | Farm |
| 20:21 | Scout Tower |
| 20:22 | Scout Tower |
| 20:36 | Lumber Mill |
| 21:06 | Mortar Team |
| 21:06 | Mortar Team |
| 21:13 | Farm |
| 21:18 | Refined Gunpowder |
| 21:19 | Studded Leather Armor |
| 21:43 | Guard Tower |
| 21:47 | Peasant |
| 21:47 | Peasant |
| 21:48 | Peasant |
| 21:52 | Farm |
| 23:45 | Holy Light |
| 23:47 | Divine Shield |
| 27:00 | Mortar Team |
| 27:01 | Mortar Team |
| 30:51 | Arcane Vault |
| 30:55 | Arcane Vault |
| 30:57 | Scout Tower |
| 30:59 | Scout Tower |
| 30:59 | Scout Tower |
| 31:03 | Holy Light |
| 31:56 | Mortar Team |
| 31:56 | Mortar Team |
| 32:03 | Lumber Mill |
| 32:49 | Imbued Gunpowder |
| 34:21 | Mortar Team |
| 34:21 | Mortar Team |
| 35:17 | Guard Tower |
| 35:21 | Scout Tower |
| 35:22 | Scout Tower |
| 35:22 | Scout Tower |
| 35:30 | Scout Tower |
| 35:31 | Scout Tower |
| 35:31 | Scout Tower |
| 35:33 | Scout Tower |
| 35:36 | Scout Tower |
| 35:37 | Scout Tower |
| 35:38 | Scout Tower |
| 35:40 | Scout Tower |
| 36:30 | Guard Tower |
| 36:33 | Guard Tower |
| 36:49 | Town Hall |
| 37:05 | Scout Tower |
| 37:05 | Scout Tower |
| 37:06 | Scout Tower |
| 37:06 | Scout Tower |
| 37:07 | Scout Tower |
| 37:08 | Scout Tower |
| 37:09 | Scout Tower |
| 37:10 | Scout Tower |
| 37:19 | Scout Tower |
| 37:36 | Scout Tower |
| 38:06 | Scout Tower |
| 38:16 | Scout Tower |
| 38:18 | Guard Tower |
| 38:26 | Scout Tower |
| 38:28 | Scout Tower |
| 38:31 | Guard Tower |
| 38:44 | Guard Tower |
| 38:50 | Guard Tower |
| 38:51 | Scout Tower |
| 39:06 | Guard Tower |
| 39:09 | Scout Tower |
| 39:09 | Scout Tower |
| 39:10 | Scout Tower |
| 39:11 | Scout Tower |
| 39:57 | Guard Tower |
| 39:59 | Guard Tower |
| 42:25 | Orb of Fire |
| 42:26 | Orb of Fire |
| 42:59 | Reinforced Leather Armor |
| 45:46 | Scout Tower |
| 45:46 | Scout Tower |
| 45:47 | Scout Tower |
| 45:48 | Scout Tower |
| 46:00 | Cannon Tower |
| 46:08 | Mortar Team |
| 46:08 | Mortar Team |
| 46:08 | Mortar Team |
| 46:09 | Mortar Team |
| 46:09 | Mortar Team |
| 46:11 | Farm |
| 46:11 | Farm |
| Right click | 1854 |
| Select | 459 |
| Select group | 400 |
| Misc. action | 133 |
| Build/train/purchase | 115 |
| Use ability | 74 |
| Resource trade | 41 |
| Chat | 39 |
| Assign group | 20 |
| Minimap ping | 16 |
| Esc | 4 |
| Item give/drop | 1 |


| Peasant | 15 | 1125 | / | 0 |
| Flying Machine | 35 | 3500 | / | 1050 |
| Dragonhawk Rider | 11 | 2200 | / | 330 |
| total: | 61 | 6825g | / | 1380w |
| Scout Tower | 30 | 900 | / | 600 |
| Arcane Tower | 1 | 70 | / | 50 |
| Guard Tower | 7 | 490 | / | 350 |
| Altar of Kings | 1 | 180 | / | 50 |
| Farm | 13 | 1040 | / | 260 |
| Lumber Mill | 1 | 120 | / | 0 |
| Blacksmith | 2 | 280 | / | 120 |
| Arcane Vault | 1 | 130 | / | 30 |
| Barracks | 2 | 320 | / | 120 |
| Cannon Tower | 3 | 360 | / | 300 |
| Workshop | 2 | 280 | / | 280 |
| Gryphon Aviary | 1 | 140 | / | 150 |
| Keep | 1 | 320 | / | 210 |
| Castle | 1 | 360 | / | 210 |
| total: | 53 | 3390g | / | 1610w |
| 0:05 | Peasant |
| 0:05 | Peasant |
| 0:20 | Altar of Kings |
| 0:27 | Farm |
| 0:32 | Peasant |
| 0:47 | Farm |
| 0:51 | Peasant |
| 0:51 | Peasant |
| 1:13 | Peasant |
| 1:13 | Peasant |
| 1:13 | Peasant |
| 1:24 | Peasant |
| 1:24 | Peasant |
| 1:24 | Peasant |
| 1:27 | Scout Tower |
| 1:57 | Arcane Tower |
| 2:04 | Peasant |
| 2:04 | Peasant |
| 2:21 | Storm Bolt |
| 2:39 | Lumber Mill |
| 3:12 | Keep |
| 3:16 | Farm |
| 3:32 | Improved Masonry |
| 5:23 | Blacksmith |
| 5:35 | Farm |
| 5:40 | Castle |
| 5:43 | Advanced Masonry |
| 5:47 | Scout Tower |
| 5:49 | Scout Tower |
| 6:15 | Guard Tower |
| 6:18 | Guard Tower |
| 6:39 | Workshop |
| 6:40 | Black Gunpowder |
| 6:43 | Workshop |
| 6:45 | Iron Plating |
| 6:51 | Blacksmith |
| 6:59 | Farm |
| 7:05 | Gryphon Aviary |
| 7:10 | Arcane Vault |
| 7:12 | Improved Lumber Harvesting |
| 7:42 | Holy Light |
| 8:04 | Bash |
| 8:22 | Bash |
| 8:25 | Bash |
| 8:33 | Flying Machine Bombs |
| 8:34 | Flak Cannons |
| 8:36 | Farm |
| 8:39 | Flying Machine |
| 8:39 | Flying Machine |
| 8:44 | Refined Gunpowder |
| 8:54 | Steel Plating |
| 9:18 | Cloud |
| 9:19 | Dragonhawk Rider |
| 9:19 | Dragonhawk Rider |
| 9:25 | Farm |
| 9:27 | Farm |
| 9:29 | Studded Leather Armor |
| 9:40 | Barracks |
| 9:46 | Flying Machine |
| 9:46 | Flying Machine |
| 9:46 | Flying Machine |
| 9:46 | Flying Machine |
| 9:48 | Dragonhawk Rider |
| 9:48 | Dragonhawk Rider |
| 10:25 | Scout Tower |
| 10:29 | Scout Tower |
| 11:06 | Guard Tower |
| 11:44 | Peasant |
| 11:44 | Peasant |
| 11:49 | Scout Tower |
| 11:50 | Scout Tower |
| 11:53 | Scout Tower |
| 11:54 | Scout Tower |
| 11:55 | Scout Tower |
| 11:59 | Imbued Gunpowder |
| 12:03 | Mithril Plating |
| 12:27 | Guard Tower |
| 12:33 | Barracks |
| 12:44 | Dragonhawk Rider |
| 12:47 | Flying Machine |
| 12:47 | Flying Machine |
| 13:01 | Imbued Masonry |
| 13:10 | Flying Machine |
| 13:26 | Flying Machine |
| 13:26 | Flying Machine |
| 13:26 | Flying Machine |
| 13:26 | Flying Machine |
| 13:26 | Flying Machine |
| 13:27 | Flying Machine |
| 13:27 | Flying Machine |
| 13:27 | Flying Machine |
| 13:40 | Animal War Training |
| 13:44 | Reinforced Leather Armor |
| 13:59 | Farm |
| 14:02 | Farm |
| 14:14 | Dragonhawk Rider |
| 14:51 | Flying Machine |
| 14:51 | Flying Machine |
| 14:55 | Farm |
| 15:49 | Flying Machine |
| 15:49 | Flying Machine |
| 16:06 | Scout Tower |
| 16:16 | Scout Tower |
| 17:11 | Dragonhawk Rider |
| 17:11 | Dragonhawk Rider |
| 17:12 | Flying Machine |
| 17:12 | Flying Machine |
| 17:16 | Farm |
| 17:17 | Farm |
| 18:25 | Guard Tower |
| 19:39 | Flying Machine |
| 19:39 | Flying Machine |
| 19:39 | Flying Machine |
| 20:02 | Dragonhide Armor |
| 23:06 | Holy Light |
| 23:13 | Flying Machine |
| 23:13 | Flying Machine |
| 23:13 | Flying Machine |
| 23:13 | Flying Machine |
| 23:14 | Flying Machine |
| 23:24 | Scout Tower |
| 23:26 | Scout Tower |
| 26:28 | Flying Machine |
| 26:28 | Flying Machine |
| 27:39 | Scout Tower |
| 27:40 | Scout Tower |
| 27:41 | Scout Tower |
| 27:42 | Scout Tower |
| 29:51 | Bash |
| 29:54 | Bash |
| 29:59 | Scout Tower |
| 30:00 | Scout Tower |
| 30:01 | Scout Tower |
| 30:04 | Scout Tower |
| 30:06 | Scout Tower |
| 30:47 | Guard Tower |
| 30:50 | Scout Tower |
| 30:52 | Scout Tower |
| 30:54 | Scout Tower |
| 32:08 | Guard Tower |
| 35:20 | Divine Shield |
| 35:38 | Scout Tower |
| 36:29 | Storm Bolt |
| 36:38 | Divine Shield |
| 36:40 | Storm Bolt |
| 36:51 | Cannon Tower |
| 36:54 | Scout Tower |
| 36:56 | Scout Tower |
| 37:46 | Flying Machine |
| 37:46 | Flying Machine |
| 37:48 | Dragonhawk Rider |
| 37:48 | Dragonhawk Rider |
| 37:48 | Dragonhawk Rider |
| 40:23 | Cannon Tower |
| 41:31 | Storm Bolt |
| 43:41 | Scout Tower |
| 44:12 | Holy Light |
| 44:20 | Cannon Tower |
| 48:27 | Holy Light |
| 48:37 | Avatar |
| 49:42 | Avatar |
| Right click | 2008 |
| Select group | 784 |
| Select | 501 |
| Build/train/purchase | 141 |
| Use ability | 108 |
| Chat | 94 |
| Assign group | 34 |
| Minimap ping | 25 |
| Resource trade | 13 |
| Misc. action | 8 |
| Esc | 3 |
| Remove unit | 1 |
Cabeelibob
(194)
(51:49) : 
| Healing Salve | 5 | 500 |
| Lesser Clarity Potion | 7 | 490 |
| Orb of Lightning | 3 | 1125 |
| Tiny Great Hall | 1 | 600 |
| Potion of Mana | 2 | 400 |
| Boots of Speed | 1 | 250 |
| total: | 19 | 3365g |
| Peon | 20 | 1500 | / | 0 |
| Troll Witch Doctor | 8 | 1160 | / | 200 |
| Troll Batrider | 4 | 640 | / | 160 |
| Goblin Zeppelin | 1 | 240 | / | 60 |
| total: | 33 | 3540g | / | 420w |
| Watch Tower | 6 | 660 | / | 480 |
| Altar of Storms | 2 | 360 | / | 100 |
| Orc Burrow | 11 | 1760 | / | 440 |
| War Mill | 4 | 820 | / | 0 |
| Voodoo Lounge | 2 | 260 | / | 60 |
| Spirit Lodge | 1 | 150 | / | 150 |
| Beastiary | 1 | 145 | / | 140 |
| Stronghold | 1 | 315 | / | 190 |
| Fortress | 1 | 325 | / | 190 |
| total: | 27 | 4155g | / | 1370w |
| 0:06 | Altar of Storms |
| 0:10 | Orc Burrow |
| 0:11 | Peon |
| 0:20 | Peon |
| 0:26 | Peon |
| 0:36 | Peon |
| 0:59 | Orc Burrow |
| 1:02 | Peon |
| 1:19 | War Mill |
| 1:30 | Peon |
| 1:30 | Peon |
| 1:44 | Peon |
| 2:06 | Peon |
| 2:11 | Orc Burrow |
| 2:16 | Peon |
| 2:25 | Wind Walk |
| 2:36 | Voodoo Lounge |
| 2:42 | Peon |
| 2:42 | Peon |
| 3:00 | Watch Tower |
| 3:02 | Peon |
| 3:24 | Watch Tower |
| 3:37 | Peon |
| 3:37 | Peon |
| 3:51 | Orc Burrow |
| 3:53 | Orc Burrow |
| 4:10 | Watch Tower |
| 4:35 | Watch Tower |
| 4:36 | Stronghold |
| 4:45 | Critical Strike |
| 4:54 | Watch Tower |
| 5:43 | Watch Tower |
| 5:46 | Spiked Barricades |
| 6:30 | Healing Salve |
| 6:31 | Lesser Clarity Potion |
| 6:58 | Fortress |
| 7:07 | Reinforced Defenses |
| 8:21 | Critical Strike |
| 8:29 | Improved Spiked Barricades |
| 9:55 | Orc Burrow |
| 9:58 | Healing Salve |
| 10:01 | Lesser Clarity Potion |
| 10:04 | Orb of Lightning |
| 10:18 | Healing Salve |
| 10:25 | Lesser Clarity Potion |
| 11:43 | Altar of Storms |
| 11:53 | Spirit Lodge |
| 12:10 | Voodoo Lounge |
| 12:13 | Goblin Zeppelin |
| 13:04 | Wind Walk |
| 13:13 | Orc Burrow |
| 13:53 | Tiny Great Hall |
| 14:28 | Witch Doctor Adept Training |
| 15:30 | Peon |
| 15:30 | Peon |
| 15:30 | Peon |
| 15:30 | Peon |
| 15:30 | Peon |
| 16:58 | War Mill |
| 17:25 | Witch Doctor Master Training |
| 18:04 | Boots of Speed |
| 19:20 | Critical Strike |
| 21:46 | Healing Salve |
| 22:12 | Troll Witch Doctor |
| 22:12 | Troll Witch Doctor |
| 22:12 | Troll Witch Doctor |
| 22:12 | Troll Witch Doctor |
| 22:59 | Beastiary |
| 23:37 | Steel Armor |
| 24:20 | Troll Batrider |
| 24:20 | Troll Batrider |
| 24:20 | Troll Batrider |
| 24:20 | Troll Batrider |
| 27:14 | Lesser Clarity Potion |
| 27:50 | Bladestorm |
| 28:13 | Potion of Mana |
| 28:15 | Potion of Mana |
| 28:20 | Lesser Clarity Potion |
| 30:45 | Orb of Lightning |
| 31:54 | Orb of Lightning |
| 35:08 | Wind Walk |
| 38:00 | War Mill |
| 40:00 | Troll Witch Doctor |
| 40:00 | Troll Witch Doctor |
| 40:00 | Troll Witch Doctor |
| 40:00 | Troll Witch Doctor |
| 40:12 | Healing Salve |
| 40:16 | Lesser Clarity Potion |
| 40:52 | War Mill |
| 41:19 | Orc Burrow |
| 41:21 | Orc Burrow |
| 41:27 | Orc Burrow |
| 41:29 | Orc Burrow |
| 45:02 | Mirror Image |
| 47:49 | Lesser Clarity Potion |
| Right click | 1660 |
| Select | 252 |
| Misc. action | 200 |
| Select group | 141 |
| Build/train/purchase | 133 |
| Resource trade | 52 |
| Item give/drop | 29 |
| Use ability | 25 |
| Remove unit | 4 |
| Minimap ping | 3 |
| Assign group | 1 |


| Peasant | 35 | 2625 | / | 0 |
| total: | 35 | 2625g | / | 0w |
| Scout Tower | 69 | 2070 | / | 1380 |
| Guard Tower | 38 | 2660 | / | 1900 |
| Altar of Kings | 1 | 180 | / | 50 |
| Farm | 11 | 880 | / | 220 |
| Lumber Mill | 3 | 360 | / | 0 |
| Town Hall | 3 | 1155 | / | 615 |
| Keep | 1 | 320 | / | 210 |
| total: | 87 | 4645g | / | 2265w |
| 0:02 | Peasant |
| 0:04 | Peasant |
| 0:12 | Altar of Kings |
| 0:18 | Peasant |
| 0:39 | Farm |
| 0:42 | Peasant |
| 1:02 | Peasant |
| 1:27 | Peasant |
| 1:43 | Peasant |
| 1:43 | Peasant |
| 1:56 | Scout Tower |
| 2:00 | Farm |
| 2:04 | Peasant |
| 2:04 | Peasant |
| 2:19 | Lumber Mill |
| 2:21 | Lumber Mill |
| 2:24 | Storm Bolt |
| 2:38 | Peasant |
| 2:41 | Farm |
| 3:27 | Guard Tower |
| 3:31 | Scout Tower |
| 3:37 | Peasant |
| 3:48 | Scout Tower |
| 3:49 | Scout Tower |
| 3:51 | Scout Tower |
| 4:04 | Peasant |
| 4:04 | Peasant |
| 4:07 | Farm |
| 4:23 | Guard Tower |
| 4:31 | Guard Tower |
| 4:36 | Scout Tower |
| 4:37 | Scout Tower |
| 4:39 | Scout Tower |
| 4:39 | Scout Tower |
| 4:47 | Keep |
| 5:19 | Guard Tower |
| 5:22 | Scout Tower |
| 5:29 | Scout Tower |
| 5:40 | Improved Masonry |
| 5:52 | Scout Tower |
| 5:53 | Scout Tower |
| 5:54 | Guard Tower |
| 5:59 | Guard Tower |
| 6:03 | Scout Tower |
| 6:19 | Guard Tower |
| 6:23 | Scout Tower |
| 6:28 | Scout Tower |
| 6:32 | Guard Tower |
| 6:36 | Scout Tower |
| 6:37 | Guard Tower |
| 6:52 | Scout Tower |
| 6:58 | Scout Tower |
| 7:00 | Guard Tower |
| 7:07 | Scout Tower |
| 7:10 | Guard Tower |
| 7:13 | Scout Tower |
| 7:17 | Improved Lumber Harvesting |
| 7:17 | Advanced Masonry |
| 7:30 | Guard Tower |
| 7:35 | Scout Tower |
| 7:41 | Guard Tower |
| 7:43 | Guard Tower |
| 7:47 | Scout Tower |
| 7:53 | Guard Tower |
| 7:58 | Scout Tower |
| 8:44 | Guard Tower |
| 8:47 | Guard Tower |
| 8:50 | Scout Tower |
| 8:55 | Scout Tower |
| 9:03 | Holy Light |
| 9:07 | Peasant |
| 9:08 | Peasant |
| 9:20 | Scout Tower |
| 9:21 | Guard Tower |
| 9:31 | Scout Tower |
| 9:32 | Guard Tower |
| 9:38 | Peasant |
| 9:38 | Peasant |
| 9:41 | Farm |
| 9:48 | Guard Tower |
| 9:50 | Scout Tower |
| 9:59 | Guard Tower |
| 10:02 | Scout Tower |
| 10:17 | Guard Tower |
| 10:25 | Scout Tower |
| 11:02 | Guard Tower |
| 11:10 | Scout Tower |
| 11:13 | Scout Tower |
| 11:48 | Peasant |
| 11:48 | Peasant |
| 11:49 | Peasant |
| 11:49 | Peasant |
| 12:16 | Guard Tower |
| 14:15 | Town Hall |
| 16:18 | Scout Tower |
| 16:19 | Scout Tower |
| 16:20 | Scout Tower |
| 16:36 | Scout Tower |
| 16:37 | Scout Tower |
| 16:38 | Scout Tower |
| 16:39 | Scout Tower |
| 16:42 | Scout Tower |
| 17:12 | Divine Shield |
| 17:26 | Lumber Mill |
| 17:36 | Scout Tower |
| 17:43 | Scout Tower |
| 18:29 | Guard Tower |
| 18:37 | Guard Tower |
| 18:42 | Scout Tower |
| 18:42 | Scout Tower |
| 18:48 | Farm |
| 18:49 | Farm |
| 19:06 | Scout Tower |
| 19:06 | Scout Tower |
| 19:07 | Scout Tower |
| 19:09 | Scout Tower |
| 19:10 | Scout Tower |
| 19:10 | Scout Tower |
| 19:14 | Guard Tower |
| 19:42 | Farm |
| 19:57 | Scout Tower |
| 20:02 | Scout Tower |
| 20:05 | Peasant |
| 20:05 | Peasant |
| 20:12 | Peasant |
| 20:26 | Guard Tower |
| 20:34 | Scout Tower |
| 20:38 | Scout Tower |
| 20:40 | Guard Tower |
| 20:59 | Scout Tower |
| 21:08 | Town Hall |
| 21:26 | Peasant |
| 21:31 | Scout Tower |
| 21:32 | Scout Tower |
| 21:34 | Guard Tower |
| 21:53 | Scout Tower |
| 21:53 | Scout Tower |
| 21:55 | Scout Tower |
| 21:56 | Scout Tower |
| 22:18 | Scout Tower |
| 22:28 | Guard Tower |
| 22:34 | Guard Tower |
| 22:46 | Guard Tower |
| 22:53 | Scout Tower |
| 22:54 | Scout Tower |
| 22:55 | Scout Tower |
| 26:45 | Scout Tower |
| 27:33 | Guard Tower |
| 28:18 | Scout Tower |
| 29:10 | Guard Tower |
| 29:14 | Scout Tower |
| 29:33 | Bash |
| 34:09 | Divine Shield |
| 38:05 | Town Hall |
| 42:59 | Peasant |
| 43:00 | Peasant |
| 43:00 | Peasant |
| 43:00 | Peasant |
| 43:00 | Peasant |
| 43:01 | Peasant |
| 43:01 | Peasant |
| 43:01 | Peasant |
| 44:33 | Farm |
| 44:37 | Farm |
| 45:29 | Peasant |
| 45:33 | Farm |
| 45:49 | Holy Light |
| Right click | 893 |
| Select | 416 |
| Build/train/purchase | 98 |
| Select group | 38 |
| Resource trade | 18 |
| Use ability | 15 |
| Assign group | 3 |
| Misc. action | 2 |
| Esc | 2 |
| Minimap ping | 1 |
302 units @ 43k
/ 8k
129 buildings @ 15.6k
/ 7.2k
AskeLange
(11)
(50:28) : 

| Scroll of Regeneration | 4 | 400 |
| Mechanical Critter | 2 | 100 |
| Staff of Sanctuary | 2 | 500 |
| Orb of Fire | 1 | 325 |
| Lesser Clarity Potion | 2 | 140 |
| Potion of Healing | 1 | 150 |
| Scroll of Town Portal | 3 | 1050 |
| Dust of Appearance | 1 | 75 |
| Potion of Lesser Invulnerability | 2 | 300 |
| Boots of Speed | 1 | 250 |
| Staff of Teleportation | 1 | 150 |
| total: | 20 | 3440g |
| Peasant | 28 | 2100 | / | 0 |
| Footman | 5 | 675 | / | 0 |
| Rifleman | 9 | 1845 | / | 270 |
| Priest | 7 | 945 | / | 70 |
| Flying Machine | 17 | 1700 | / | 510 |
| Siege Engine | 17 | 3315 | / | 1020 |
| total: | 83 | 10580g | / | 1870w |
| Scout Tower | 13 | 390 | / | 260 |
| Arcane Tower | 3 | 210 | / | 150 |
| Guard Tower | 10 | 700 | / | 500 |
| Altar of Kings | 1 | 180 | / | 50 |
| Farm | 13 | 1040 | / | 260 |
| Barracks | 3 | 480 | / | 180 |
| Town Hall | 3 | 1155 | / | 615 |
| Blacksmith | 1 | 140 | / | 60 |
| Lumber Mill | 2 | 240 | / | 0 |
| Arcane Vault | 1 | 130 | / | 30 |
| Arcane Sanctum | 1 | 150 | / | 140 |
| Workshop | 2 | 280 | / | 280 |
| Keep | 1 | 320 | / | 210 |
| Castle | 1 | 360 | / | 210 |
| total: | 40 | 4185g | / | 1875w |
| 0:02 | Peasant |
| 0:02 | Peasant |
| 0:07 | Altar of Kings |
| 0:23 | Farm |
| 0:27 | Barracks |
| 0:31 | Barracks |
| 0:35 | Peasant |
| 0:35 | Peasant |
| 0:48 | Peasant |
| 0:56 | Farm |
| 1:11 | Peasant |
| 1:32 | Footman |
| 1:34 | Peasant |
| 1:43 | Farm |
| 1:47 | Peasant |
| 1:53 | Footman |
| 2:04 | Farm |
| 2:07 | Farm |
| 2:09 | Flame Strike |
| 2:21 | Peasant |
| 3:07 | Footman |
| 3:07 | Peasant |
| 3:07 | Footman |
| 3:08 | Peasant |
| 3:17 | Siphon Mana |
| 3:28 | Town Hall |
| 3:42 | Peasant |
| 4:04 | Footman |
| 4:32 | Peasant |
| 4:32 | Peasant |
| 4:37 | Peasant |
| 4:37 | Peasant |
| 4:37 | Peasant |
| 4:43 | Peasant |
| 5:07 | Keep |
| 5:09 | Scout Tower |
| 5:14 | Blacksmith |
| 5:16 | Lumber Mill |
| 5:22 | Arcane Vault |
| 5:24 | Farm |
| 5:44 | Arcane Tower |
| 5:46 | Scout Tower |
| 5:54 | Scout Tower |
| 5:56 | Scout Tower |
| 5:59 | Scroll of Regeneration |
| 6:02 | Scroll of Regeneration |
| 6:02 | Mechanical Critter |
| 6:02 | Mechanical Critter |
| 6:23 | Barracks |
| 6:45 | Rifleman |
| 6:45 | Rifleman |
| 6:46 | Black Gunpowder |
| 6:48 | Farm |
| 6:49 | Guard Tower |
| 6:51 | Improved Masonry |
| 7:20 | Rifleman |
| 7:21 | Rifleman |
| 8:00 | Castle |
| 8:02 | Refined Gunpowder |
| 8:07 | Scroll of Regeneration |
| 8:08 | Scroll of Town Portal |
| 8:23 | Long Rifles |
| 8:51 | Potion of Lesser Invulnerability |
| 8:51 | Boots of Speed |
| 8:54 | Dust of Appearance |
| 9:33 | Flame Strike |
| 9:58 | Rifleman |
| 10:01 | Arcane Sanctum |
| 10:03 | Farm |
| 10:24 | Imbued Gunpowder |
| 10:37 | Workshop |
| 10:55 | Scroll of Regeneration |
| 10:56 | Staff of Sanctuary |
| 10:58 | Orb of Fire |
| 11:01 | Holy Light |
| 11:13 | Siphon Mana |
| 11:30 | Scroll of Town Portal |
| 11:52 | Priest Adept Training |
| 11:58 | Workshop |
| 12:12 | Rifleman |
| 12:13 | Rifleman |
| 12:38 | Town Hall |
| 12:44 | Scout Tower |
| 12:45 | Scout Tower |
| 12:50 | Scout Tower |
| 12:52 | Scout Tower |
| 13:13 | Farm |
| 13:14 | Farm |
| 13:21 | Arcane Tower |
| 13:22 | Guard Tower |
| 13:23 | Guard Tower |
| 13:35 | Peasant |
| 13:35 | Peasant |
| 13:36 | Improved Lumber Harvesting |
| 13:41 | Arcane Tower |
| 14:04 | Peasant |
| 14:04 | Peasant |
| 14:06 | Peasant |
| 14:21 | Guard Tower |
| 14:32 | Scout Tower |
| 14:33 | Scout Tower |
| 14:34 | Scout Tower |
| 14:35 | Scout Tower |
| 14:36 | Scout Tower |
| 14:38 | Lumber Mill |
| 14:50 | Advanced Lumber Harvesting |
| 14:53 | Guard Tower |
| 16:02 | Guard Tower |
| 16:03 | Guard Tower |
| 16:14 | Priest Master Training |
| 16:15 | Fragmentation Shards |
| 16:22 | Guard Tower |
| 16:33 | Peasant |
| 16:33 | Peasant |
| 16:35 | Peasant |
| 16:36 | Peasant |
| 16:37 | Peasant |
| 17:03 | Rifleman |
| 17:03 | Rifleman |
| 17:05 | Priest |
| 17:05 | Priest |
| 17:05 | Priest |
| 17:06 | Priest |
| 17:06 | Priest |
| 17:32 | Guard Tower |
| 17:32 | Guard Tower |
| 17:35 | Lesser Clarity Potion |
| 17:37 | Lesser Clarity Potion |
| 17:40 | Staff of Sanctuary |
| 17:56 | Potion of Healing |
| 18:10 | Flak Cannons |
| 18:10 | Flying Machine |
| 18:10 | Flying Machine |
| 18:11 | Flying Machine |
| 18:11 | Flying Machine |
| 18:11 | Flying Machine |
| 18:37 | Town Hall |
| 19:00 | Farm |
| 19:13 | Iron Plating |
| 19:46 | Farm |
| 19:51 | Flying Machine |
| 20:22 | Steel Plating |
| 20:55 | Flying Machine |
| 20:56 | Flying Machine |
| 20:57 | Flying Machine |
| 20:58 | Flying Machine |
| 21:48 | Flying Machine |
| 22:20 | Flying Machine |
| 22:21 | Flying Machine |
| 22:21 | Flying Machine |
| 22:22 | Flying Machine |
| 22:31 | Divine Shield |
| 22:35 | Flame Strike |
| 22:40 | Flying Machine |
| 22:58 | Flying Machine |
| 23:40 | Siege Engine |
| 24:13 | Barrage |
| 24:14 | Siege Engine |
| 25:11 | Holy Light |
| 27:05 | Siege Engine |
| 27:19 | Mithril Plating |
| 27:35 | Priest |
| 27:35 | Priest |
| 28:11 | Siege Engine |
| 30:13 | Siege Engine |
| 30:14 | Siege Engine |
| 31:26 | Siege Engine |
| 31:28 | Siege Engine |
| 32:25 | Staff of Teleportation |
| 32:37 | Siege Engine |
| 33:13 | Devotion Aura |
| 33:56 | Summon Phoenix |
| 37:05 | Farm |
| 38:14 | Siege Engine |
| 38:14 | Siege Engine |
| 38:14 | Siege Engine |
| 38:15 | Siege Engine |
| 38:15 | Siege Engine |
| 38:15 | Siege Engine |
| 38:15 | Siege Engine |
| 38:43 | Scroll of Town Portal |
| 38:48 | Potion of Lesser Invulnerability |
| 41:57 | Siege Engine |
| Select group | 2797 |
| Right click | 1743 |
| Select | 1112 |
| Chat | 623 |
| Build/train/purchase | 202 |
| Misc. action | 166 |
| Use ability | 125 |
| Assign group | 95 |
| Resource trade | 58 |
| Minimap ping | 13 |
| Item give/drop | 5 |
| Esc | 5 |

| Healing Salve | 1 | 100 |
| Lesser Clarity Potion | 3 | 210 |
| total: | 4 | 310g |
| Peon | 12 | 900 | / | 0 |
| Troll Batrider | 24 | 3840 | / | 960 |
| Raider | 9 | 1620 | / | 360 |
| Demolisher | 5 | 1100 | / | 250 |
| Goblin Shredder | 1 | 375 | / | 100 |
| total: | 51 | 7835g | / | 1670w |
| Watch Tower | 1 | 110 | / | 80 |
| Orc Burrow | 5 | 800 | / | 200 |
| Altar of Storms | 1 | 180 | / | 50 |
| War Mill | 1 | 205 | / | 0 |
| Voodoo Lounge | 1 | 130 | / | 30 |
| Barracks | 3 | 540 | / | 150 |
| Beastiary | 3 | 435 | / | 420 |
| Stronghold | 1 | 315 | / | 190 |
| Fortress | 1 | 325 | / | 190 |
| total: | 15 | 2400g | / | 930w |
| 0:02 | Peon |
| 0:02 | Peon |
| 0:03 | Peon |
| 0:15 | Peon |
| 0:16 | Peon |
| 0:16 | Peon |
| 0:16 | Peon |
| 0:34 | Orc Burrow |
| 0:58 | Peon |
| 1:09 | Altar of Storms |
| 1:29 | War Mill |
| 1:34 | Peon |
| 1:49 | Stronghold |
| 2:03 | Orc Burrow |
| 2:21 | Voodoo Lounge |
| 2:43 | Steel Armor |
| 2:52 | Orc Burrow |
| 3:21 | Steel Ranged Weapons |
| 3:22 | Thorium Ranged Weapons |
| 3:24 | Serpent Ward |
| 3:40 | Orc Burrow |
| 4:29 | Hex |
| 4:32 | Fortress |
| 5:00 | Goblin Shredder |
| 5:11 | Healing Salve |
| 5:11 | Lesser Clarity Potion |
| 5:25 | Beastiary |
| 5:33 | Orc Burrow |
| 5:42 | Beastiary |
| 6:13 | Thorium Armor |
| 6:13 | Arcanite Armor |
| 6:16 | Beastiary |
| 6:34 | Troll Batrider |
| 6:44 | Arcanite Ranged Weapons |
| 6:49 | Lesser Clarity Potion |
| 6:55 | Troll Batrider |
| 6:56 | Troll Batrider |
| 7:13 | Troll Batrider |
| 7:15 | Troll Batrider |
| 7:23 | Troll Batrider |
| 7:50 | Troll Batrider |
| 7:57 | Liquid Fire |
| 8:05 | Troll Batrider |
| 8:16 | Troll Batrider |
| 8:32 | Troll Batrider |
| 8:42 | Troll Batrider |
| 8:59 | Troll Batrider |
| 9:35 | Troll Batrider |
| 10:14 | Troll Batrider |
| 10:37 | Troll Batrider |
| 10:37 | Troll Batrider |
| 10:55 | Troll Batrider |
| 11:12 | Troll Batrider |
| 11:12 | Troll Batrider |
| 11:50 | Ensnare |
| 11:51 | Raider |
| 11:52 | Raider |
| 12:06 | Steel Melee Weapons |
| 12:11 | Backpack |
| 12:12 | Pillage |
| 12:26 | Raider |
| 12:41 | Raider |
| 13:12 | Thorium Melee Weapons |
| 13:15 | Raider |
| 13:43 | Raider |
| 13:54 | Barracks |
| 14:05 | Reinforced Defenses |
| 14:28 | Arcanite Melee Weapons |
| 15:19 | Demolisher |
| 15:23 | Barracks |
| 15:26 | Barracks |
| 15:53 | Serpent Ward |
| 16:09 | Demolisher |
| 16:10 | Raider |
| 16:31 | Demolisher |
| 16:37 | Demolisher |
| 17:21 | Demolisher |
| 17:24 | Berserker Upgrade |
| 18:36 | Raider |
| 19:22 | Hex |
| 19:49 | Watch Tower |
| 19:59 | Peon |
| 19:59 | Peon |
| 19:59 | Peon |
| 21:20 | Troll Batrider |
| 21:23 | Troll Batrider |
| 21:37 | Hex |
| 21:39 | Lesser Clarity Potion |
| 21:53 | Troll Batrider |
| 21:53 | Troll Batrider |
| 22:48 | Troll Batrider |
| 30:09 | Raider |
| 32:16 | Serpent Ward |
| Right click | 3099 |
| Select group | 1453 |
| Chat | 1304 |
| Select | 797 |
| Assign group | 204 |
| Use ability | 175 |
| Build/train/purchase | 106 |
| Misc. action | 96 |
| Minimap ping | 22 |
| Remove unit | 7 |
| Resource trade | 7 |
| Item give/drop | 3 |



| Scroll of Regeneration | 2 | 200 |
| Lesser Clarity Potion | 1 | 70 |
| Potion of Healing | 1 | 150 |
| Scroll of Town Portal | 3 | 1050 |
| Dust of Appearance | 1 | 75 |
| Potion of Lesser Invulnerability | 4 | 600 |
| Boots of Speed | 1 | 250 |
| total: | 13 | 2395g |
| Peasant | 23 | 1725 | / | 0 |
| Footman | 8 | 1080 | / | 0 |
| Priest | 4 | 540 | / | 40 |
| Spell Breaker | 5 | 1075 | / | 150 |
| Knight | 8 | 1960 | / | 480 |
| Mortar Team | 14 | 2520 | / | 980 |
| Siege Engine | 8 | 1560 | / | 480 |
| Goblin Shredder | 1 | 375 | / | 100 |
| Forest Troll Shadow Priest | 1 | 195 | / | 10 |
| Forest Troll Berserker | 1 | 245 | / | 30 |
| total: | 73 | 11275g | / | 2270w |
| Scout Tower | 26 | 780 | / | 520 |
| Guard Tower | 15 | 1050 | / | 750 |
| Arcane Tower | 3 | 210 | / | 150 |
| Lumber Mill | 1 | 120 | / | 0 |
| Farm | 10 | 800 | / | 200 |
| Barracks | 1 | 160 | / | 60 |
| Altar of Kings | 1 | 180 | / | 50 |
| Arcane Vault | 1 | 130 | / | 30 |
| Town Hall | 5 | 1925 | / | 1025 |
| Blacksmith | 1 | 140 | / | 60 |
| Cannon Tower | 6 | 720 | / | 600 |
| Arcane Sanctum | 1 | 150 | / | 140 |
| Workshop | 1 | 140 | / | 140 |
| Keep | 1 | 320 | / | 210 |
| Castle | 1 | 360 | / | 210 |
| total: | 48 | 4525g | / | 2225w |
| 0:07 | Peasant |
| 0:07 | Peasant |
| 0:07 | Peasant |
| 0:14 | Peasant |
| 0:41 | Lumber Mill |
| 0:57 | Farm |
| 1:00 | Peasant |
| 1:08 | Barracks |
| 1:11 | Altar of Kings |
| 1:14 | Peasant |
| 1:32 | Peasant |
| 1:36 | Farm |
| 1:43 | Peasant |
| 2:00 | Arcane Vault |
| 2:02 | Footman |
| 2:10 | Farm |
| 2:17 | Footman |
| 2:24 | Footman |
| 2:38 | Farm |
| 2:45 | Peasant |
| 2:45 | Peasant |
| 2:47 | Peasant |
| 3:01 | Footman |
| 3:20 | Defend |
| 3:35 | Scroll of Regeneration |
| 3:43 | Footman |
| 4:01 | Summon Water Elemental |
| 4:23 | Scout Tower |
| 4:28 | Scout Tower |
| 4:40 | Town Hall |
| 4:54 | Guard Tower |
| 4:58 | Guard Tower |
| 5:33 | Forest Troll Shadow Priest |
| 5:44 | Forest Troll Berserker |
| 5:57 | Scout Tower |
| 6:10 | Brilliance Aura |
| 6:10 | Brilliance Aura |
| 6:28 | Arcane Tower |
| 6:43 | Footman |
| 6:44 | Footman |
| 6:46 | Keep |
| 6:56 | Lesser Clarity Potion |
| 7:02 | Footman |
| 7:05 | Farm |
| 7:25 | Goblin Shredder |
| 7:51 | Blacksmith |
| 8:13 | Scroll of Regeneration |
| 8:30 | Farm |
| 9:17 | Arcane Sanctum |
| 9:50 | Castle |
| 9:55 | Priest |
| 9:55 | Priest |
| 9:55 | Priest Adept Training |
| 9:56 | Magic Sentry |
| 9:58 | Farm |
| 10:25 | Holy Light |
| 10:44 | Farm |
| 10:46 | Control Magic |
| 10:47 | Spell Breaker |
| 10:47 | Spell Breaker |
| 11:00 | Blizzard |
| 12:07 | Studded Leather Armor |
| 12:10 | Workshop |
| 12:16 | Potion of Healing |
| 12:16 | Scroll of Town Portal |
| 12:28 | Animal War Training |
| 12:29 | Knight |
| 12:29 | Knight |
| 12:38 | Mortar Team |
| 12:38 | Mortar Team |
| 12:38 | Mortar Team |
| 12:39 | Mortar Team |
| 12:39 | Fragmentation Shards |
| 12:40 | Flare |
| 12:42 | Farm |
| 12:44 | Priest Master Training |
| 12:47 | Knight |
| 13:09 | Potion of Lesser Invulnerability |
| 13:40 | Reinforced Leather Armor |
| 14:08 | Scout Tower |
| 14:58 | Town Hall |
| 14:59 | Guard Tower |
| 15:02 | Scout Tower |
| 15:59 | Scout Tower |
| 16:01 | Guard Tower |
| 16:11 | Scout Tower |
| 16:23 | Divine Shield |
| 16:33 | Cannon Tower |
| 16:35 | Scout Tower |
| 16:37 | Scout Tower |
| 16:39 | Guard Tower |
| 16:48 | Mortar Team |
| 16:48 | Mortar Team |
| 16:48 | Mortar Team |
| 17:14 | Guard Tower |
| 17:16 | Cannon Tower |
| 17:20 | Scout Tower |
| 17:30 | Dragonhide Armor |
| 18:37 | Scout Tower |
| 18:38 | Guard Tower |
| 18:42 | Barrage |
| 18:43 | Siege Engine |
| 18:43 | Siege Engine |
| 18:43 | Siege Engine |
| 19:59 | Mortar Team |
| 19:59 | Mortar Team |
| 20:05 | Potion of Lesser Invulnerability |
| 20:05 | Scroll of Town Portal |
| 20:06 | Boots of Speed |
| 20:11 | Farm |
| 20:13 | Cannon Tower |
| 20:31 | Knight |
| 20:31 | Knight |
| 20:57 | Peasant |
| 20:57 | Peasant |
| 20:57 | Peasant |
| 20:57 | Peasant |
| 20:58 | Peasant |
| 21:04 | Spell Breaker |
| 21:05 | Spell Breaker |
| 21:05 | Spell Breaker |
| 21:31 | Scout Tower |
| 21:58 | Guard Tower |
| 22:01 | Scout Tower |
| 22:09 | Scout Tower |
| 22:34 | Cannon Tower |
| 22:36 | Scout Tower |
| 22:49 | Flame Strike |
| 23:04 | Scout Tower |
| 23:08 | Cannon Tower |
| 23:15 | Scout Tower |
| 23:38 | Blizzard |
| 23:50 | Guard Tower |
| 23:55 | Town Hall |
| 24:03 | Town Hall |
| 24:26 | Devotion Aura |
| 26:09 | Peasant |
| 26:09 | Peasant |
| 26:17 | Knight |
| 26:17 | Knight |
| 26:17 | Knight |
| 26:19 | Mortar Team |
| 26:19 | Mortar Team |
| 26:19 | Mortar Team |
| 26:19 | Siege Engine |
| 26:21 | Priest |
| 26:21 | Priest |
| 26:31 | Potion of Lesser Invulnerability |
| 27:07 | Cannon Tower |
| 27:19 | Scout Tower |
| 27:22 | Scout Tower |
| 27:39 | Peasant |
| 27:39 | Peasant |
| 27:39 | Peasant |
| 27:47 | Scout Tower |
| 27:52 | Scout Tower |
| 27:54 | Arcane Tower |
| 27:56 | Guard Tower |
| 28:00 | Scout Tower |
| 29:09 | Guard Tower |
| 29:11 | Arcane Tower |
| 29:54 | Scroll of Town Portal |
| 29:55 | Potion of Lesser Invulnerability |
| 29:57 | Dust of Appearance |
| 30:16 | Scout Tower |
| 30:21 | Guard Tower |
| 30:27 | Scout Tower |
| 30:32 | Mortar Team |
| 30:32 | Mortar Team |
| 30:33 | Siege Engine |
| 30:46 | Scout Tower |
| 30:50 | Peasant |
| 30:50 | Peasant |
| 30:55 | Guard Tower |
| 30:57 | Scout Tower |
| 31:18 | Guard Tower |
| 31:31 | Town Hall |
| 31:55 | Guard Tower |
| 32:08 | Siege Engine |
| 32:08 | Siege Engine |
| 32:08 | Siege Engine |
| Right click | 568 |
| Select | 454 |
| Build/train/purchase | 235 |
| Select group | 153 |
| Chat | 32 |
| Use ability | 25 |
| Resource trade | 18 |
| Assign group | 13 |
| Minimap ping | 11 |
| Misc. action | 8 |
| Item give/drop | 2 |

| Anti-magic Potion | 1 | 100 |
| Scroll of Healing | 1 | 250 |
| Potion of Lesser Invulnerability | 1 | 150 |
| total: | 3 | 500g |
| Wisp | 25 | 1500 | / | 0 |
| Archer | 31 | 4030 | / | 310 |
| Hippogryph | 18 | 2880 | / | 360 |
| Mountain Giant | 5 | 1750 | / | 500 |
| Goblin Sapper | 2 | 430 | / | 200 |
| Siege Engine | 14 | 2730 | / | 840 |
| total: | 95 | 13320g | / | 2210w |
| Ancient Protector | 7 | 945 | / | 560 |
| Ancient of War | 1 | 150 | / | 60 |
| Moon Well | 8 | 1440 | / | 320 |
| Altar of Elders | 1 | 180 | / | 50 |
| Ancient of Wonders | 1 | 90 | / | 30 |
| Hunter's Hall | 1 | 210 | / | 100 |
| Tree of Life | 2 | 680 | / | 370 |
| Ancient of Wind | 2 | 300 | / | 280 |
| Ancient of Lore | 3 | 465 | / | 435 |
| Tree of Ages | 1 | 320 | / | 180 |
| Tree of Eternity | 1 | 330 | / | 200 |
| total: | 26 | 4460g | / | 2205w |
| 0:06 | Wisp |
| 0:06 | Wisp |
| 0:19 | Wisp |
| 0:21 | Ancient of War |
| 0:28 | Moon Well |
| 0:35 | Wisp |
| 0:53 | Wisp |
| 1:05 | Altar of Elders |
| 1:11 | Wisp |
| 1:26 | Moon Well |
| 1:30 | Archer |
| 1:36 | Wisp |
| 1:48 | Archer |
| 1:50 | Wisp |
| 2:05 | Ancient of Wonders |
| 2:12 | Archer |
| 2:12 | Archer |
| 2:12 | Archer |
| 2:12 | Archer |
| 2:12 | Archer |
| 2:12 | Archer |
| 2:12 | Archer |
| 2:32 | Archer |
| 2:33 | Archer |
| 2:36 | Summon Quilbeast |
| 2:48 | Archer |
| 3:17 | Tree of Ages |
| 3:41 | Moon Well |
| 3:57 | Hunter's Hall |
| 4:03 | Archer |
| 4:34 | Archer |
| 5:09 | Archer |
| 5:32 | Archer |
| 5:38 | Wisp |
| 5:38 | Wisp |
| 5:58 | Ancient of Wind |
| 6:01 | Ancient of Wind |
| 6:09 | Summon Hawk |
| 6:30 | Tree of Life |
| 6:42 | Moon Well |
| 7:03 | Improved Bows |
| 7:11 | Hippogryph |
| 7:18 | Hippogryph |
| 7:53 | Summon Hawk |
| 7:58 | Hippogryph |
| 8:14 | Hippogryph |
| 8:19 | Potion of Lesser Invulnerability |
| 9:00 | Tree of Eternity |
| 9:08 | Summon Quilbeast |
| 9:22 | Hippogryph |
| 9:25 | Wisp |
| 9:25 | Wisp |
| 9:25 | Wisp |
| 9:30 | Moon Well |
| 9:45 | Scroll of Healing |
| 10:11 | Hippogryph |
| 10:48 | Hippogryph |
| 10:50 | Archer |
| 10:55 | Wisp |
| 12:02 | Archer |
| 12:05 | Moon Well |
| 12:07 | Well Spring |
| 12:12 | Nature's Blessing |
| 12:34 | Hippogryph |
| 12:36 | Archer |
| 12:59 | Wisp |
| 13:03 | Archer |
| 13:05 | Strength of the Moon |
| 13:34 | Marksmanship |
| 14:01 | Hippogryph |
| 14:03 | Moon Well |
| 14:07 | Improved Strength of the Moon |
| 14:11 | Archer |
| 14:11 | Archer |
| 15:20 | Hippogryph |
| 15:21 | Archer |
| 15:21 | Archer |
| 15:23 | Advanced Strength of the Moon |
| 15:51 | Moon Well |
| 16:32 | Hippogryph |
| 16:45 | Moon Armor |
| 16:47 | Archer |
| 17:27 | Archer |
| 17:43 | Anti-magic Potion |
| 18:01 | Improved Moon Armor |
| 18:34 | Hippogryph |
| 18:36 | Archer |
| 18:37 | Archer |
| 19:38 | Hippogryph |
| 19:42 | Archer |
| 19:42 | Archer |
| 19:45 | Hippogryph |
| 19:47 | Advanced Moon Armor |
| 19:49 | Archer |
| 19:56 | Tree of Life |
| 20:49 | Hippogryph |
| 21:21 | Hippogryph |
| 22:09 | Vorpal Blades |
| 22:20 | Ancient Protector |
| 23:01 | Wisp |
| 23:44 | Wisp |
| 23:47 | Ancient Protector |
| 23:49 | Ancient Protector |
| 23:55 | Ancient Protector |
| 23:56 | Wisp |
| 24:28 | Goblin Sapper |
| 24:28 | Goblin Sapper |
| 24:52 | Wisp |
| 25:11 | Summon Hawk |
| 25:48 | Wisp |
| 25:48 | Wisp |
| 26:04 | Hippogryph |
| 26:41 | Wisp |
| 27:05 | Ancient Protector |
| 27:06 | Wisp |
| 27:07 | Wisp |
| 27:12 | Ancient of Lore |
| 27:16 | Ancient of Lore |
| 27:31 | Hippogryph |
| 27:36 | Ancient Protector |
| 27:41 | Ancient Protector |
| 27:42 | Wisp |
| 28:15 | Ancient of Lore |
| 28:40 | Hardened Skin |
| 28:43 | Resistant Skin |
| 29:37 | Mountain Giant |
| 29:42 | Mountain Giant |
| 29:47 | Mountain Giant |
| 30:48 | Mountain Giant |
| 31:16 | Mountain Giant |
| 31:26 | Strength of the Wild |
| 35:14 | Siege Engine |
| 35:14 | Siege Engine |
| 35:15 | Siege Engine |
| 35:15 | Siege Engine |
| 35:15 | Siege Engine |
| 35:15 | Siege Engine |
| 37:16 | Siege Engine |
| 37:16 | Siege Engine |
| 37:16 | Siege Engine |
| 43:54 | Siege Engine |
| 43:54 | Siege Engine |
| 43:55 | Siege Engine |
| 43:55 | Siege Engine |
| 43:56 | Siege Engine |
| 48:37 | Holy Light |
| Chat | 1271 |
| Right click | 820 |
| Select | 499 |
| Select group | 310 |
| Build/train/purchase | 206 |
| Assign group | 44 |
| Use ability | 32 |
| Misc. action | 15 |
| Resource trade | 6 |
| Minimap ping | 5 |
| Item give/drop | 4 |